AoeStats
← ^^6-=MajorEjac****=-

Socotra

505709362Analyzed
2v2 RM · 23d ago on Sep 10, 2026· 35m 51s· 4 players
Game mode
Random Map
Map size
Tiny (2 player)
Population
200
Speed
Normal
Resources
Standard
Victory
Conquest
Starting age
Dark Age
Ending age
Imperial Age
RankedLock teamsTeams togetherTeam positionsShared explorationLock speedFull tech treeHidden civsTurbo modeCheats
Victory
Defeat
🇪🇸 Maya · Spain
1448
+15
🇪🇸 Bulgarians · Spain
1391
+18
🇨🇭 Ethiopians · Switzerland
1440
-17
🇨🇭 Goths · Switzerland
1414
-16
blerasdg
6:52 Loom
9:21 Feudal Age
10:01 Double-Bit Axe
9:58 Horse Collar
18:23 Forging
18:18 Scale Barding Armor
20:01 Bloodlines
20:35 Wheelbarrow
21:28 Gold Mining
24:35 Castle Age
23:40 Stone Mining
24:10 Scale Mail Armor
24:03 Fletching
25:56 Iron Casting
25:54 Chain Mail Armor
26:02 Chain Barding Armor
25:57 Chain Mail Armor
25:07 Pikeman
25:51 Squires
25:36 Arson
26:30 Bow Saw
29:56 Stirrups
33:32 Gold Shaft Mining
33:56 Gambesons
35:09 Stone Shaft Mining
lusamatusa
0:26 Loom
10:08 Feudal Age
11:04 Double-Bit Axe
13:49 Fletching
15:09 Gold Mining
23:57 Castle Age
22:22 Horse Collar
23:58 Crossbowman
24:47 Bodkin Arrow
24:53 Padded Archer Armor
26:21 Ballistics
27:13 Thumb Ring
33:23 Wheelbarrow
38:57 Imperial Age
^^6-=MajorEjac****=-
2:23 Loom
9:01 Feudal Age
9:42 Double-Bit Axe
10:38 Horse Collar
10:32 Man-at-Arms
14:41 Scale Mail Armor
19:58 Fletching
24:51 Castle Age
23:15 Stone Mining
24:01 Gold Mining
34:42 Wheelbarrow
[PSCH] Dumec
6:56 Loom
7:10 Loom
9:41 Feudal Age
10:39 Double-Bit Axe
13:44 Fletching
17:21 Padded Archer Armor
22:49 Castle Age
20:36 Horse Collar
22:25 Gold Mining
23:37 Bodkin Arrow
23:08 Crossbowman
25:07 Town Watch
28:17 Ballistics
31:52 Leather Archer Armor
34:51 Imperial Age
36:35 Chemistry
36:00 Bracer
Connection lost

Rejoining the realm…

Still unreachable

The connection could not be restored.

Session expired

The server has moved on; the page needs a fresh start.